AoeStats
← Valfar

African Clearing

506201258Analyzed
4v4 RM · 19d ago on Sep 12, 2026· 62m 46s· 8 players
Game mode
Random Map
Map size
Large (8 player)
Population
200
Speed
Normal
Resources
Standard
Victory
Conquest
Starting age
Dark Age
Ending age
Imperial Age
RankedLock teamsTeams togetherTeam positionsShared explorationLock speedFull tech treeHidden civsTurbo modeCheats
Victory
Defeat
🇹🇷 Hindustanis · Türkiye
1139
+14
🇸🇦 Cumans · Saudi Arabia
1128
+14
🇩🇪 Mongols · Germany
1105
+15
🇬🇧 Japanese · United Kingdom
1087
+15
🇧🇷 Persians · Brazil
1127
-16
🇨🇳 Koreans · China
1098
-15
🇺🇸 Vietnamese · United States
1071
-14
🇧🇷 Huns · Brazil
1042
-13
R4W
5:03 Loom
13:41 Feudal Age
15:24 Man-at-Arms
18:23 Arson
21:34 Castle Age
21:11 Forging
22:01 Scale Mail Armor
22:32 Pikeman
22:59 Gambesons
23:17 Squires
24:46 Double-Bit Axe
25:42 Elite Skirmisher
26:54 Fletching
27:04 Padded Archer Armor
32:22 Bodkin Arrow
33:45 Bow Saw
33:37 Padded Archer Armor
35:30 Leather Archer Armor
35:01 Treadmill Crane
35:53 Ballistics
36:58 Iron Casting
41:27 Chain Mail Armor
45:36 Imperial Age
48:09 Bracer
48:57 Ring Archer Armor
49:34 Wheelbarrow
56:10 Plate Mail Armor
56:40 Blast Furnace
56:15 Halberdier
57:31 Conscription
62:12 Elite Samurai
Valfar
5:29 Loom
13:28 Feudal Age
21:38 Castle Age
21:08 Double-Bit Axe
21:05 Horse Collar
25:21 Stone Mining
25:27 Fletching
26:04 Padded Archer Armor
34:35 Imperial Age
32:26 Scale Barding Armor
33:13 Wheelbarrow
32:24 Town Watch
33:11 Forging
33:34 Bow Saw
34:10 Husbandry
34:08 Bodkin Arrow
34:29 Leather Archer Armor
34:49 Heavy Plow
34:47 Gold Mining
35:41 Conscription
36:53 Gold Shaft Mining
37:34 Chemistry
36:57 Light Cavalry
37:47 Bloodlines
38:28 Hand Cart
38:13 Town Patrol
38:58 Hussar
40:48 Bracer
41:08 Chain Barding Armor
42:04 Iron Casting
42:34 Town Patrol
43:36 Elite Mangudai
46:19 Ballistics
46:05 Siege Engineers
46:21 Nomads
47:23 Blast Furnace
49:33 Murder Holes
50:15 Hoardings
50:08 Elite Steppe Lancer
62:09 Stone Shaft Mining
3Zoo_77
8:11 Loom
15:49 Feudal Age
20:01 Castle Age
19:25 Double-Bit Axe
23:16 Fishing Lines
30:17 Gillnets
32:44 Bloodlines
33:10 Scale Barding Armor
34:01 Bow Saw
34:56 Forging
38:26 Iron Casting
38:58 Wheelbarrow
40:09 Hand Cart
41:10 Gold Mining
47:46 Imperial Age
48:13 Gold Shaft Mining
49:27 Elite Steppe Lancer
56:43 Chain Barding Armor
57:24 Blast Furnace
61:03 Plate Barding Armor
64:00 Two-Man Saw
hirax34
6:18 Loom
12:56 Feudal Age
13:41 Town Watch
14:30 Double-Bit Axe
16:58 Fletching
22:35 Castle Age
21:13 Stone Mining
22:48 Gold Mining
23:00 Crossbowman
25:14 Elite Skirmisher
27:55 Horse Collar
29:20 Heavy Plow
32:42 Bow Saw
33:19 Bodkin Arrow
33:24 Padded Archer Armor
34:19 Wheelbarrow
39:07 Imperial Age
37:29 Scale Barding Armor
37:36 Forging
37:58 Hand Cart
38:17 Bloodlines
39:37 Chain Barding Armor
39:52 Iron Casting
39:18 Heavy Camel Rider
39:59 Husbandry
41:13 Plate Barding Armor
41:48 Gold Shaft Mining
42:46 Blast Furnace
42:13 Elite Ghulam
42:56 Scale Mail Armor
43:00 Squires
44:03 Conscription
44:39 Imperial Camel Rider
45:53 Chain Mail Armor
48:45 Bracer
1. d4
5:41 Loom
14:06 Feudal Age
15:19 Double-Bit Axe
15:16 Horse Collar
21:28 Wheelbarrow
23:32 Castle Age
22:06 Fletching
22:16 Padded Archer Armor
23:03 Wheelbarrow
24:11 Bodkin Arrow
28:27 Hand Cart
29:58 Ballistics
29:57 Leather Archer Armor
30:45 Heavy Plow
30:57 Bow Saw
35:46 Thumb Ring
43:11 Imperial Age
42:10 Bloodlines
42:01 Husbandry
43:56 Bracer
44:26 Ring Archer Armor
43:59 Elite Rattan Archer
44:40 Chatras
47:01 Chemistry
46:24 Forging
46:19 Scale Barding Armor
48:03 Iron Casting
49:41 Chain Barding Armor
52:54 Elite Battle Elephant
54:45 Chatras
58:39 Crossbowman
60:46 Paper Money
yitxdiku
3:58 Loom
15:18 Feudal Age
19:31 Castle Age
17:17 Double-Bit Axe
19:36 Wheelbarrow
20:40 Bow Saw
25:15 Fishing Lines
27:02 Stone Mining
27:24 Fishing Lines
28:54 Hand Cart
30:08 Gold Mining
31:28 Horse Collar
32:23 Medium Warships
32:03 Gillnets
34:48 Imperial Age
32:04 Town Watch
33:26 Fletching
33:46 Forging
33:37 Scale Mail Armor
33:52 Masonry
34:03 Ballistics
33:27 Treadmill Crane
33:57 Masonry
34:08 Ballistics
33:55 Gambesons
35:54 Conscription
35:44 Bodkin Arrow
36:25 Elite War Wagon
37:13 Bracer
37:26 Heavy Rocket Cart
39:18 Chemistry
38:15 Murder Holes
42:24 Two-Man Saw
41:30 Town Patrol
45:36 Shinkichon
52:21 Elite Fire Lancer
53:03 Squires
M1rc0ss_
3:18 Loom
andrerom
5:38 Loom
14:10 Feudal Age
18:45 Castle Age
17:31 Double-Bit Axe
17:29 Horse Collar
23:36 Scale Barding Armor
25:49 Bloodlines
28:23 Husbandry
28:52 Forging
30:17 Chain Barding Armor
32:59 Iron Casting
34:21 Wheelbarrow
33:39 Gold Mining
38:22 Imperial Age
37:45 Hand Cart
37:06 Pikeman
37:46 Squires
37:32 Arson
37:58 Bow Saw
37:51 Heavy Plow
38:28 Gold Shaft Mining
38:00 Cavalier
39:03 Conscription
39:01 Halberdier
39:53 Savar
42:00 Scale Mail Armor
48:19 Stone Mining
50:19 Chain Mail Armor
50:39 Plate Barding Armor
54:41 Plate Mail Armor
55:12 Blast Furnace
Connection lost

Rejoining the realm…

Still unreachable

The connection could not be restored.

Session expired

The server has moved on; the page needs a fresh start.